Map: Amygdala

Players

Mixu

  • Race: Zerg Zerg
  • League: Grandmaster
  • Spawn Location: 1:00

DnS - Winner!

  • Race: Protoss Protoss
  • Spawn Location: 7:00

Event: HomeStory Cup XXVI

VOD

Have the link to the VOD?

Description

Time

  • Played on: Nov. 30, 2024, 6:51 a.m.
  • Length: 16:17

All games in this series

Show
View Real Time Build Order
Export as new Build Order

Mixu Zerg 

Build Orders: Hatch First 

Get SALT Encoding   

  12  0:00  Drone  
  13  0:12  Overlord  
  13  0:16  Drone  
  14  0:30  Drone x2  
  16  0:47  Hatchery  
  16  0:49  Drone  
  16  0:52  Drone  
  17  0:57  Drone  
  18  1:07  Extractor  
  17  1:11  Spawning Pool  
  17  1:15  Drone  
  17  1:17  Drone  
  18  1:27  Drone  
  19  1:38  Drone  
  20  1:49  Drone  
  21  1:58  Queen x2  
  21  2:00  Drone, Overlord  
  26  2:09  Zergling x2  
  26  2:10  Drone  
  28  2:22  Hatchery  
  27  2:23  Drone  
  27  2:26  Drone  
  29  2:31  Drone x2  
  29  2:36  Metabolic Boost  
  31  2:45  Queen  
  31  2:49  Overlord  
  31  2:50  Drone  
  34  2:53  Drone  
  34  2:55  Drone  
  36  3:08  Overlord  
  36  3:09  Drone x5  
  36  3:11  Drone  
  42  3:15  Drone  
  44  3:20  Drone  
  44  3:27  Queen  
  44  3:28  Overlord  
  44  3:29  Drone  
  44  3:31  Drone  
  44  3:33  Spore Crawler  
  47  3:34  Spore Crawler  
  47  3:35  Drone  
  47  3:37  Drone  
  48  3:42  Spore Crawler  
  48  3:44  Drone x2  
  49  3:48  Evolution Chamber  
  49  3:52  Drone x3  
  49  3:54  Drone  
  53  3:57  Drone x3  
  56  4:13  Drone x2, Evolution Chamber  
  56  4:15  Spore Crawler  
  56  4:16  Drone x2  
  53  4:23  Drone x7  
  60  4:27  Drone x2  
  62  4:31  Lair  
  62  4:34  Drone  
  62  4:36  Drone x3, Roach Warren, Extractor  
  64  4:39  Drone  
  64  4:41  Drone  
  64  4:42  Overlord  
  64  4:44  Extractor  
  65  4:52  Drone  
  66  4:55  Overlord, Evolution Chamber  
  66  4:57  Zergling x2  
  66  4:59  Extractor  
  65  5:00  Queen  
  65  5:02  Spore Crawler, Zergling x10  
  65  5:07  Overlord  
  70  5:08  Drone  
  70  5:12  Drone x4  
  74  5:14  Drone  
  73  5:24  Drone x3  
  73  5:27  Drone  
  71  5:29  Drone x4, Extractor  
  71  5:30  Hatchery  
  71  5:35  Overseer, Spire  
  72  5:38  Drone  
  72  5:42  Drone x4  
  77  5:46  Extractor  
  77  5:49  Drone  
  77  5:54  Drone, Overlord  
  77  5:58  Glial Reconstitution  
  77  5:59  Zerg Missile Weapons Level 1  
  77  6:01  Queen  
  79  6:09  Drone x3  
  82  6:15  Overlord x3  
  82  6:18  Drone  
  83  6:25  Overseer, Overlord  
  83  6:27  Zergling x12  
  83  6:29  Overlord  
  89  6:35  Roach x7  
  102  6:48  Mutalisk x5  
  102  6:50  Drone x3  
  115  6:57  Mutalisk  
  115  6:59  Drone x4  
  115  7:00  Zergling x6  
  124  7:06  Zergling x8  
  128  7:11  Overlord x3  
  128  7:13  Hatchery  
  127  7:22  Overlord x2  
  123  7:23  Hatchery  
  123  7:29  Zergling x6  
  120  7:31  Zergling x16  
  120  7:36  Infestation Pit  
  127  7:39  Zergling x10  
  128  7:47  Roach x4  
  128  7:48  Ravager  
  135  7:53  Drone x3  
  138  7:58  Drone x6  
  138  8:04  Roach  
  138  8:05  Roach x4  
  148  8:15  Overlord  
  148  8:16  Drone x4  
  151  8:25  Zergling x18  
  156  8:28  Hive  
  154  8:35  Corruptor x6  
  154  8:38  Corruptor  
  168  8:47  Infestor, Zerg Melee Weapons Level 1  
  170  8:53  Zergling x4  
  172  8:57  Overlord x3  
  172  9:01  Spine Crawler x2  
  170  9:06  Overlord x4  
  170  9:21  Zergling x20  
  180  9:24  Zergling x16  
  188  9:32  Baneling Nest  
  188  9:33  Drone x5  
  188  9:34  Evolution Chamber  
  188  9:35  Zergling x8, Pneumatized Carapace  
  195  9:40  Overseer  
  195  9:41  Nydus Network x2  
  195  9:42  Overseer  
  193  9:46  Zergling x14  
  193  9:50  Extractor  
  193  9:51  Adrenal Glands  
  193  9:52  Extractor  
  198  9:53  Ultralisk Cavern  
  195  10:11  Drone x2  
  195  10:12  Drone x3  
  199  10:15  Zerg Flyer Weapons Level 1  
  199  10:16  Zerg Ground Armor Level 1  
  199  10:40  Zerg Melee Weapons Level 2  
  199  10:48  Nydus Canal  
  199  10:49  Nydus Canal  
  195  10:52  Zergling x20  
  188  10:59  Zergling x26  
  200  11:10  Nydus Canal x2  
  194  11:13  Zergling x24  
  194  11:17  Overseer  
  187  11:33  Chitinous Plating  
  187  11:37  Ultralisk x3  
  192  11:49  Centrifugal Hooks  
  191  11:58  Viper  
  194  12:06  Baneling x6  
  187  12:09  Overlord, Ultralisk  
  187  12:10  Overlord  
  187  12:12  Nydus Canal  
  187  12:13  Nydus Canal  
  188  12:16  Ultralisk  
  189  12:23  Zergling x14  
  189  12:28  Infestor  
  198  12:30  Corruptor  
  198  12:35  Extractor x2  
  198  12:42  Corruptor  
  198  12:43  Corruptor x3  
  199  12:47  Corruptor x9  
  184  12:52  Corruptor  
  184  12:54  Zergling x20  
  184  12:55  Queen  
  181  13:00  Zergling x12  
  181  13:02  Queen  
  181  13:04  Overseer  
  189  13:06  Zerg Flyer Weapons Level 2  
  189  13:07  Corruptor  
  189  13:10  Zergling x8  
  192  13:19  Zergling x6  
  186  13:24  Corruptor x3  
  161  13:34  Zergling x14  
  161  13:40  Corruptor x2  
  159  13:43  Drone x2  
  161  13:49  Zergling x12  
  160  13:56  Zergling x6  
  160  14:02  Hatchery  
  154  14:05  Zergling x10  
  154  14:07  Hatchery  
  154  14:08  Infestor x2  
  160  14:15  Hatchery  
  159  14:17  Nydus Canal  
  159  14:18  Zergling x8  
  161  14:25  Zergling x14  
  161  14:26  Nydus Canal  
  161  14:31  Zergling x6  
  167  14:33  Nydus Canal  
  167  14:38  Ultralisk x3  
  184  14:45  Nydus Canal  
  184  14:50  Overlord x2  
  165  15:04  Overlord  
  156  15:09  Corruptor x3  
  162  15:18  Drone x3  
  162  15:19  Drone x7  
  162  15:20  Drone x2  
  174  15:28  Corruptor  
  174  15:31  Corruptor  
  174  15:32  Spine Crawler, Corruptor x3  
  174  15:33  Spine Crawler  
  177  15:42  Corruptor x2  
  172  15:44  Zergling x8  
Show
View Real Time Build Order
Export as new Build Order

DnS Protoss - Winner!

Build Orders: 1 Gate Expand, Oracle Opening, Carriers 

Get SALT Encoding   

  12  0:00  Probe  
  13  0:12  Probe  
  14  0:17  Pylon  
  14  0:24  Probe  
  15  0:31  Assimilator  
  15  0:34  Probe  
  15  0:42  Gateway  
  16  0:43  Probe  
  17  0:51  Probe  
  18  1:03  Probe  
  19  1:15  Probe  
  20  1:23  Nexus  
  20  1:32  Cybernetics Core  
  20  1:36  Probe  
  21  1:41  Assimilator  
  21  1:48  Probe  
  21  1:51  Pylon  
  22  2:00  Probe  
  23  2:09  Stargate  
  23  2:12  Probe  
  23  2:14  Adept  
  26  2:21  Probe  
  26  2:27  Warp Gate  
  26  2:29  Probe  
  27  2:31  Probe  
  29  2:38  Probe  
  29  2:39  Probe  
  29  2:41  Stalker  
  31  2:45  Oracle  
  31  2:50  Probe x2  
  38  3:02  Probe x2  
  38  3:04  Pylon  
  40  3:14  Probe x2  
  40  3:15  Oracle, Adept  
  47  3:28  Probe x2  
  47  3:32  Gateway  
  49  3:40  Probe x2  
  51  3:52  Probe x2  
  53  3:56  Nexus, Pylon  
  53  4:04  Probe  
  53  4:09  Oracle  
  54  4:14  Probe  
  54  4:17  Probe  
  59  4:24  Assimilator  
  59  4:25  Assimilator  
  59  4:26  Probe  
  59  4:27  Adept  
  59  4:31  Forge, Twilight Council  
  62  4:32  Pylon  
  62  4:40  Pylon  
  62  4:50  Probe x2  
  64  4:54  Gateway  
  64  4:55  Gateway  
  64  4:59  Gateway, Blink  
  64  5:00  Gateway  
  64  5:02  Probe x2  
  66  5:08  Stalker x2, Probe, Protoss Ground Weapons Level 1  
  71  5:14  Probe  
  72  5:21  Probe  
  72  5:25  Probe  
  72  5:27  Probe  
  73  5:29  Probe  
  73  5:33  Stalker x2, Probe  
  74  5:38  Probe  
  74  5:39  Probe  
  74  5:42  Probe  
  77  5:44  Pylon  
  77  5:48  Assimilator  
  77  5:49  Probe  
  78  5:50  Assimilator  
  78  5:51  Probe  
  78  5:54  Probe  
  78  5:55  Stalker  
  78  5:56  Stalker  
  85  6:00  Pylon  
  85  6:01  Probe  
  85  6:03  Stalker, Probe  
  89  6:04  Stalker  
  89  6:06  Probe  
  92  6:13  Probe  
  92  6:14  Templar Archives  
  93  6:19  Robotics Facility, Probe  
  93  6:21  Shield Battery, Stalker x2  
  98  6:33  Zealot  
  98  6:34  Pylon  
  100  6:41  Psionic Storm  
  100  6:43  Stalker x3  
  106  6:55  Gateway  
  106  6:57  Gateway, Zealot  
  108  7:04  Charge  
  108  7:07  Phoenix  
  107  7:12  Protoss Ground Weapons Level 2  
  109  7:18  Photon Cannon  
  109  7:20  Nexus  
  107  7:23  Pylon, Photon Cannon  
  107  7:24  Photon Cannon  
  103  7:33  Stalker x3  
  103  7:34  Stalker x2  
  113  7:40  Probe x3  
  113  7:42  Phoenix  
  118  7:50  Stalker x2  
  122  7:55  Pylon  
  122  8:07  High Templar  
  122  8:09  Pylon  
  122  8:11  Pylon  
  124  8:13  Pylon, Phoenix  
  124  8:28  Immortal  
  124  8:29  High Templar x5  
  134  8:35  Probe x3  
  141  8:41  Probe  
  141  8:44  Shield Battery  
  141  8:46  Photon Cannon  
  141  8:47  Probe x2, Photon Cannon  
  144  8:50  Probe  
  144  8:51  Pylon  
  144  8:52  Fleet Beacon  
  144  8:53  Probe  
  146  8:55  Photon Cannon  
  146  8:56  Stargate  
  146  8:57  Shield Battery  
  146  8:59  Probe  
  146  9:02  Observer, Probe  
  148  9:03  Probe  
  148  9:05  Photon Cannon  
  148  9:06  Assimilator  
  148  9:07  Assimilator  
  150  9:18  Immortal  
  150  9:19  Gateway  
  150  9:20  Gateway  
  146  9:24  Gateway  
  148  9:36  Photon Cannon  
  148  9:37  Mothership, Carrier  
  156  9:38  Photon Cannon  
  156  9:42  Zealot  
  156  9:43  Zealot  
  156  9:44  Carrier  
  172  10:05  Warp Prism  
  170  10:14  Protoss Ground Weapons Level 3  
  170  10:18  Protoss Air Weapons Level 1  
  170  10:22  Nexus  
  170  10:24  Pylon  
  170  10:25  Stargate  
  170  10:33  Zealot x2  
  170  10:35  Zealot x3  
  180  10:43  Zealot, Pylon x2  
  180  10:45  Pylon, Carrier  
  188  10:53  Photon Cannon  
  188  10:55  Photon Cannon  
  182  10:57  Zealot x3  
  182  10:59  Zealot x2  
  186  11:10  Zealot x6  
  193  11:25  Carrier  
  197  11:52  Nexus  
  197  11:54  Photon Cannon  
  197  11:55  Photon Cannon  
  197  11:57  Photon Cannon  
  197  11:58  Photon Cannon  
  197  11:59  Shield Battery x2  
  197  12:01  Photon Cannon  
  197  12:02  Assimilator  
  197  12:04  Assimilator  
  187  12:14  Zealot x2  
  187  12:15  Zealot x2, Stalker x4  
  195  12:29  Photon Cannon  
  195  12:30  Pylon  
  181  12:53  Zealot x4  
  181  12:54  Zealot x6  
  197  13:00  Immortal  
  197  13:04  Protoss Shields Level 1  
  197  13:05  Protoss Air Weapons Level 2  
  193  13:11  Robotics Facility  
  195  13:21  High Templar  
  195  13:22  High Templar x2  
  176  13:36  Immortal  
  176  13:38  Carrier x3  
  154  13:43  Zealot  
  154  13:47  Mothership  
  154  13:48  High Templar x7  
  160  13:52  Archon x3  
  162  13:58  Immortal  
  174  14:09  Probe x3  
  169  14:18  Immortal  
  169  14:19  High Templar x4  
  169  14:20  High Templar x2  
  183  14:24  Archon x2  
  183  14:26  Zealot x5  
  193  14:38  Immortal  
  191  14:52  Stalker x4  
  198  15:07  Nexus  
  195  15:09  Pylon  
  195  15:11  Pylon  
  195  15:35  Zealot x2  
  193  15:47  Zealot x5  
  185  16:05  Zealot x6  
Tags
 
Add a new tag
Caveats
  • Supply blocks, unpowered buildings, or Contaminate may cause inaccurate times.
  • Supply counts are checked every 10 seconds.